Map: Post-Youth LE

Players

SeralsRvenge

  • Race: Zerg Zerg
  • League: Diamond
  • Spawn Location: 7:00

BeijingBiden - Winner!

  • Race: Terran Terran
  • League: Diamond
  • Spawn Location: 1:00

VOD

Have the link to the VOD?

Description

What did I do wrong. Did I need fungals? Too low workers initially? bad engage?

Time

  • Played on: March 26, 2024, 9:14 p.m.
  • Length: 14:26
Show
View Real Time Build Order
Export as new Build Order

SeralsRvenge Zerg 

Build Orders: Hatch First 

Get SALT Encoding   

  12  0:00  Drone  
  13  0:13  Overlord  
  13  0:17  Drone  
  14  0:33  Drone  
  14  0:34  Drone  
  16  0:50  Hatchery  
  16  0:54  Drone  
  16  0:58  Drone  
  16  1:00  Drone  
  18  1:11  Extractor  
  18  1:16  Spawning Pool  
  16  1:19  Drone  
  16  1:23  Drone  
  18  1:29  Drone  
  19  1:43  Drone  
  20  2:03  Queen x2  
  20  2:05  Zergling x4, Overlord  
  26  2:18  Drone x2  
  28  2:29  Drone x2  
  30  2:40  Metabolic Boost  
  30  2:46  Drone  
  30  2:47  Drone  
  32  2:59  Queen, Overlord, Hatchery  
  32  3:01  Drone x2  
  35  3:06  Pneumatized Carapace  
  35  3:23  Drone x3  
  35  3:24  Drone, Overlord  
  35  3:26  Drone  
  35  3:27  Drone  
  41  3:37  Drone  
  42  3:43  Drone  
  42  3:44  Overlord  
  42  3:45  Drone x2  
  45  3:56  Overlord  
  45  4:02  Zergling x6  
  48  4:14  Drone x2  
  48  4:15  Drone, Overlord  
  48  4:16  Drone  
  52  4:22  Extractor, Lair  
  51  4:25  Queen  
  51  4:27  Roach Warren  
  51  4:29  Drone x5  
  57  4:38  Overlord x2  
  57  4:39  Drone  
  57  4:45  Spore Crawler  
  57  4:49  Drone x3, Extractor  
  57  4:51  Spore Crawler, Queen  
  60  5:02  Queen  
  62  5:11  Drone x2  
  62  5:12  Overlord  
  62  5:13  Drone x3  
  67  5:15  Drone, Spore Crawler  
  67  5:16  Drone  
  68  5:30  Spire  
  68  5:31  Spore Crawler  
  66  5:35  Extractor  
  66  5:39  Drone  
  66  5:40  Drone  
  66  5:41  Drone x5  
  66  5:42  Zergling x8  
  76  5:43  Zergling x2, Overlord x2  
  76  5:44  Glial Reconstitution  
  76  5:49  Drone x2  
  79  5:52  Evolution Chamber  
  78  6:01  Overseer  
  78  6:04  Queen  
  78  6:10  Queen  
  82  6:16  Extractor x2  
  80  6:27  Hatchery  
  77  6:38  Drone  
  77  6:39  Drone x15  
  91  6:48  Zerg Missile Weapons Level 1  
  91  6:49  Zerg Flyer Weapons Level 1, Corruptor  
  91  6:50  Corruptor x3  
  99  6:57  Hatchery  
  98  7:05  Zergling x2  
  98  7:06  Zergling x12  
  105  7:18  Roach x3  
  111  7:29  Drone  
  112  7:30  Drone x6  
  115  7:37  Corruptor x2  
  119  7:44  Corruptor x2  
  119  7:49  Drone x2  
  119  7:58  Corruptor x3  
  121  8:09  Drone  
  121  8:10  Drone x4, Extractor  
  125  8:14  Extractor  
  125  8:15  Hatchery  
  125  8:16  Corruptor x2  
  125  8:17  Baneling Nest  
  126  8:21  Evolution Chamber  
  125  8:30  Drone  
  125  8:31  Drone x4  
  125  8:32  Drone x3  
  125  8:33  Overlord x5  
  133  8:48  Zerg Melee Weapons Level 1, Zerg Missile Weapons Level 2  
  133  8:51  Overlord x2  
  133  8:52  Drone x3  
  133  8:53  Overlord x2  
  133  8:54  Roach x3  
  142  9:08  Centrifugal Hooks  
  142  9:09  Corruptor  
  142  9:10  Corruptor x3  
  150  9:21  Roach  
  150  9:22  Roach x9  
  168  9:35  Roach  
  167  9:50  Corruptor x5  
  169  9:53  Roach x11  
  169  9:54  Zergling x4  
  193  10:07  Infestation Pit  
  193  10:10  Evolution Chamber  
  193  10:11  Zerg Flyer Weapons Level 2  
  191  10:15  Drone x2  
  191  10:16  Drone x2  
  191  10:18  Zergling x2  
  191  10:19  Zergling x8  
  200  10:30  Baneling x11  
  200  10:31  Baneling x3  
  200  10:37  Hydralisk Den  
  200  10:42  Zerg Ground Armor Level 1  
  199  10:44  Hive  
  152  11:21  Zergling x6  
  152  11:22  Zergling x54  
  173  11:32  Ravager  
  173  11:33  Ravager x2  
  173  11:34  Zergling x14  
  173  11:39  Zerg Melee Weapons Level 2  
  183  11:41  Lurker Den  
  183  11:44  Zergling x14  
  189  11:53  Roach x4  
  195  11:58  Neural Parasite  
  195  11:59  Adrenal Glands  
  195  12:20  Hatchery  
  161  12:40  Zergling x34  
  161  12:41  Zergling x14  
  132  12:57  Corruptor x7  
  132  12:58  Corruptor x5  
  146  13:06  Baneling x16  
  146  13:07  Roach x3  
  146  13:08  Roach x4  
  146  13:12  Adaptive Talons  
  160  13:16  Extractor  
  160  13:18  Extractor  
  158  13:21  Drone x2  
  158  13:22  Drone  
  136  13:36  Zergling x34  
Show
View Real Time Build Order
Export as new Build Order

BeijingBiden Terran - Winner!

Build Orders: Mech 

Get SALT Encoding   

  12  0:00  SCV  
  13  0:12  SCV  
  14  0:22  Supply Depot  
  14  0:24  SCV  
  15  0:43  SCV  
  15  0:45  Barracks  
  15  0:47  Refinery  
  16  0:55  SCV  
  17  1:07  SCV  
  18  1:20  SCV  
  20  1:34  Orbital Command  
  20  1:36  Barracks Reactor, Supply Depot  
  19  1:51  Command Center  
  19  1:59  SCV  
  20  2:09  Factory  
  20  2:12  SCV  
  20  2:15  Marine x2  
  23  2:22  Bunker  
  23  2:24  SCV  
  24  2:31  Refinery  
  24  2:36  SCV  
  25  2:38  Marine x2  
  27  2:51  SCV  
  28  3:02  Starport  
  28  3:04  Orbital Command, Refinery  
  28  3:09  SCV  
  28  3:10  Barracks Tech Lab  
  29  3:22  SCV  
  30  3:34  Command Center  
  30  3:35  SCV  
  30  3:37  Starport Tech Lab  
  30  3:41  SCV  
  32  3:46  Fusion Core  
  32  4:00  SCV  
  32  4:01  Factory, Refinery  
  33  4:03  SCV  
  34  4:10  Barracks Tech Lab  
  34  4:11  Widow Mine x2  
  34  4:12  SCV  
  39  4:25  SCV x2  
  41  4:37  SCV x2  
  43  4:46  Battlecruiser  
  43  4:48  Orbital Command  
  43  4:49  SCV  
  50  5:00  Factory  
  50  5:01  Siege Tank  
  50  5:03  Armory  
  53  5:07  Hellion  
  53  5:09  Hellion  
  53  5:11  SCV  
  58  5:24  Armory, Supply Depot  
  58  5:25  Weapon Refit  
  58  5:26  Supply Depot  
  58  5:27  SCV  
  59  5:29  SCV  
  60  5:45  Siege Tank  
  60  5:49  Hellion x2  
  67  5:55  SCV x2  
  67  5:56  SCV  
  70  6:01  Battlecruiser  
  76  6:09  Terran Vehicle Weapons Level 1  
  76  6:14  Orbital Command  
  76  6:15  Supply Depot  
  76  6:17  Supply Depot  
  76  6:18  Hellion x3, Terran Vehicle And Ship Armor Level 1  
  82  6:43  SCV x2  
  82  6:46  SCV  
  85  6:55  SCV x2, Engineering Bay  
  85  6:58  SCV  
  88  7:04  Refinery  
  88  7:05  Battlecruiser  
  88  7:07  Siege Tank, Hellion, Refinery  
  99  7:16  SCV x2  
  101  7:28  Supply Depot  
  101  7:30  Supply Depot  
  101  7:32  Missile Turret  
  101  7:33  Missile Turret  
  101  7:34  Supply Depot  
  101  7:50  SCV x2  
  103  7:58  SCV  
  104  8:01  Missile Turret  
  104  8:02  SCV  
  105  8:06  SCV  
  105  8:10  Siege Tank  
  105  8:11  Siege Tank, Hellion x2  
  105  8:12  Battlecruiser  
  122  8:18  Supply Depot  
  122  8:20  Supply Depot  
  122  8:22  Terran Vehicle Weapons Level 2  
  122  8:23  Terran Vehicle And Ship Armor Level 2  
  122  8:25  Factory, SCV  
  122  8:26  SCV  
  124  8:32  SCV  
  125  8:38  SCV x2  
  127  8:41  Command Center  
  127  8:46  Supply Depot  
  129  8:50  SCV  
  129  8:52  Thor  
  135  8:56  Supply Depot  
  135  8:59  SCV  
  135  9:01  SCV  
  135  9:02  SCV  
  137  9:11  SCV  
  137  9:13  SCV  
  137  9:14  Infernal Pre-Igniter  
  137  9:15  Factory Tech Lab  
  139  9:19  Factory  
  139  9:27  SCV  
  140  9:32  Command Center  
  140  9:35  Siege Tank x2, Thor, Hellion  
  153  9:52  Hellion  
  155  10:07  Thor  
  155  10:14  Command Center, Battlecruiser  
  173  10:26  Missile Turret  
  173  10:27  Planetary Fortress  
  173  10:29  SCV x2  
  175  10:38  Refinery  
  175  10:42  Thor, Refinery  
  175  10:43  Terran Vehicle Weapons Level 3  
  175  10:44  Supply Depot  
  175  10:48  Supply Depot  
  175  10:51  SCV  
  175  10:54  Missile Turret  
  176  10:57  SCV x2  
  153  11:15  Siege Tank x2, Hellion x2, Missile Turret  
  145  11:26  SCV x2  
  145  11:31  SCV  
  142  11:34  Missile Turret  
  142  11:35  Siege Tank, Refinery  
  142  11:36  Hellion, Factory Tech Lab  
  142  11:38  Factory, SCV  
  142  11:39  Battlecruiser  
  154  11:42  SCV  
  154  11:44  SCV  
  156  11:47  Siege Tank, Missile Turret  
  156  11:50  SCV  
  160  11:54  SCV  
  160  11:56  SCV  
  162  12:02  SCV  
  162  12:03  Thor x2, Hellion  
  162  12:06  SCV  
  162  12:08  SCV  
  179  12:14  SCV  
  180  12:16  Hellion x2  
  151  12:42  Orbital Command, Siege Tank x2, Hellion x2  
  143  12:46  Siege Tank, Hellion  
  126  13:03  Hellion x2  
  126  13:05  SCV  
  131  13:07  Engineering Bay  
  133  13:14  Siege Tank, Hellion, SCV  
  133  13:15  SCV  
  133  13:17  SCV  
  133  13:18  Factory Tech Lab  
  139  13:20  Factory Tech Lab  
  139  13:27  SCV  
  124  13:37  Thor  
  124  13:38  Siege Tank, Hellion x2  
  129  13:43  SCV x3  
  129  13:48  Hellion  
  134  13:55  SCV x3  
  135  14:07  SCV  
Tags
 
Composition
Mech
Matchup
TvZ
Spawn Locations
Cross Positions
Add a new tag
Caveats
  • Supply blocks, unpowered buildings, or Contaminate may cause inaccurate times.
  • Supply counts are checked every 10 seconds.